AoeStats
← Ryanbabel

Arena

510538973Analyzed
1v1 RM · 2d ago on Oct 1, 2026· 42m 56s· 2 players
Game mode
Random Map
Map size
Tiny (2 player)
Population
200
Speed
Normal
Resources
Standard
Victory
Conquest
Starting age
Dark Age
Ending age
Imperial Age
RankedLock teamsTeams togetherTeam positionsShared explorationLock speedFull tech treeHidden civsTurbo modeCheats
Victory
Defeat
🇹🇷 Bengalis · Türkiye
1083
+16
🇩🇪 Britons · Germany
1089
-16
Ryanbabel
10:29 Feudal Age
15:13 Castle Age
13:46 Double-Bit Axe
14:31 Horse Collar
17:15 Bow Saw
17:22 Bow Saw
22:07 Gold Mining
23:05 Heavy Plow
24:41 Stone Mining
25:27 Gold Shaft Mining
30:12 Imperial Age
28:29 Scale Barding Armor
30:05 Bloodlines
30:20 Husbandry
30:38 Fletching
30:49 Padded Archer Armor
31:29 Elite Elephant Archer
33:06 Wheelbarrow
33:23 Ballistics
34:09 Chemistry
33:06 Bodkin Arrow
35:42 Bracer
35:58 Leather Archer Armor
37:18 Crop Rotation
37:47 Hand Cart
40:37 Two-Man Saw
40:44 Ring Archer Armor
40:26 Forging
41:23 Chain Barding Armor
41:04 Scale Mail Armor
42:09 Paiks
42:27 Conscription
43:30 Iron Casting
MikaPika7232
10:47 Feudal Age
15:06 Castle Age
13:15 Stone Mining
14:09 Fletching
14:11 Double-Bit Axe
15:11 Gold Mining
22:08 Gold Shaft Mining
22:59 Bodkin Arrow
23:49 Padded Archer Armor
24:34 Wheelbarrow
28:50 Imperial Age
27:50 Ballistics
28:25 Padded Archer Armor
29:31 Bracer
30:34 Chemistry
30:07 Block Printing
31:23 Conscription
31:40 Sanctity
31:31 Fervor
32:10 Illumination
31:57 Fervor
33:05 Hand Cart
33:33 Theocracy
33:12 Loom
34:12 Leather Archer Armor
37:33 Elite Longbowman
39:54 Pikeman
40:34 Squires
40:09 Elite Skirmisher
42:04 Ring Archer Armor
Connection lost

Rejoining the realm…

Still unreachable

The connection could not be restored.

Session expired

The server has moved on; the page needs a fresh start.